 Dungeon Crawl Stone Soup version 0.16-a0-1157-gec61f8e (webtiles) character file.

10 Ratboiler the Vandal (level 2, -5/18 HPs)
             Began as a Halfling Arcane Marksman on Oct 8, 2014.
             Slain by a kobold
             ... wielding a +0 short sword
              (7 damage)
             ... on level 1 of the Dungeon.
             The game lasted 00:01:00 (270 turns).

Ratboiler the Vandal (Halfling Arcane Marksman)      Turns: 270, Time: 00:01:00

Health: -5/18      AC:  3    Str: 11    XL:     2   Next: 30%
Magic:  3/3        EV: 14    Int: 12    God:
Gold:   32         SH:  0    Dex: 13    Spells: 2 memorised, 0 levels left

rFire  + . .     SeeInvis .     a - -3 short sword (curse)
rCold  x . .     Clarity  .     l - +0 robe
rNeg   . . .     SustAb   .     (no shield)
rPois  .         Gourm    .     c - +0 helmet
rElec  .         Spirit   .     (no cloak)
rCorr  .         Warding  .     (no gloves)
rMut   .         Stasis   .     (no boots)
MR     .....                    (no amulet)
Stlth  +.........               (no ring)
                                m - ring of fire

@: not resistant to hostile enchantments, very unstealthy
A: mutation resistance 1
a: no special abilities


You were on level 1 of the Dungeon.
You were not hungry.

You visited 1 branch of the dungeon, and saw 1 of its levels.

You collected 32 gold pieces.

Inventory:

Hand weapons
 a - a cursed -3 short sword (weapon)
 b - a +0 hunting sling
Missiles
 h - 14 stones (quivered)
 k - 17 sling bullets
Armour
 c - a +0 helmet (worn)
 l - a +0 robe (worn)
Comestibles
 f - a bread ration
 g - a meat ration
Jewellery
 m - a ring of fire (left hand)
Potions
 e - 2 potions of heal wounds {unknown}
 i - a potion of resistance {unknown}
 j - a potion of curing {unknown}
Books
 d - a book of Debilitation

   Spells                             Type                      Level
   *Corona                            Hexes                        1
   *Slow                              Hexes                        2
   Inner Flame                        Hexes/Fire                   3
   Enslavement                        Hexes                        4
   Cause Fear                         Hexes                        4
   Leda's Liquefaction                Hexes/Earth                  4


   Skills:
 - Level 0.8 Fighting
 + Level 4.2 Slings
 - Level 2.1 Dodging
 - Level 1.0 Spellcasting
 - Level 2.6 Hexes


You couldn't memorise any spells.
You knew the following spells:

 Your Spells              Type           Power        Failure   Level  Hunger
a - Corona                Hex            #......      12%         1    ##.....
b - Slow                  Hex            #.......     17%         2    ###....


Dungeon Overview and Level Annotations

Branches:
Dungeon (1/15)

Altars:


Innate Abilities, Weirdness & Mutations

You are small and have problems with some larger weapons.
You are somewhat resistant to further mutation.


Message History

You closely miss the kobold. The kobold hits you with a short sword.
You barely miss the kobold. The rat bites you. The kobold misses you.
You hit the kobold but do no damage. The rat bites you.
* * * LOW HITPOINT WARNING * * *
The kobold misses you.
You barely miss the kobold. The rat closely misses you.
The kobold hits you but does no damage. The rat bites you but does no damage.
You closely miss the kobold. The kobold hits you but does no damage.
The kobold barely misses you. The rat completely misses you.
You closely miss the kobold. The kobold hits you but does no damage.
The kobold hits you but does no damage. The rat completely misses you.
You hit the kobold.
The kobold is moderately wounded.
The kobold closely misses you. The kobold hits you with a short sword.
* * * LOW HITPOINT WARNING * * *
The rat barely misses you. The kobold closely misses you.
You hit the kobold.
The kobold is severely wounded.
The kobold hits you with a short sword!
You die...

#. #.......# ...
#..#.......# #.....
#.#.......# #......
#.........# #.......
##........#
#........ #........#
#........
#.....%..#####.....#
#..........#.KKr...#
##.........#..@#
#.........#...#
##......###..(#
#......# #...#
#......# #...#
#####.....###...###
#......)%.........#
#######
#.####..##.....(..#
#.....#
##.####..##........#
#.....#


You could see 2 kobolds and a rat.

Vanquished Creatures
  A giant gecko (D:1)
  An ooze (D:1)
  2 bats (D:1)
  A giant cockroach (D:1)
  A hobgoblin (D:1)
  2 kobolds (D:1)
8 creatures vanquished.

Notes
Turn   | Place    | Note
--------------------------------------------------------------
     0 | D:1      | Ratboiler, the Halfling Arcane Marksman, began the quest for the Orb.
     0 | D:1      | Reached XP level 1. HP: 12/12 MP: 2/2
   165 | D:1      | Reached XP level 2. HP: 18/18 MP: 3/3
   169 | D:1      | Learned a level 2 spell: Slow
   177 | D:1      | Reached skill level 4 in Slings
   270 | D:1      | Slain by a kobold

Action                   || total
-------------------------++-------
Melee: Short sword       ||     8
 Fire: Hunting sling     ||    30
